 Dungeon Sprint DCSS version 0.19-a0-1532-g228a5d9 (webtiles) character file.

6689 poirepourri the Imperceptible (level 10, -3/44 HPs)
             Began as a Spriggan Enchanter on Sept 13, 2016.
             Was a High Priest of Dithmenos.
             Shot with an arrow by a spriggan rider (9 damage)
             ... in the Dungeon (Sprint IV: "Fedhas' Mad Dash").
             The game lasted 00:04:08 (1093 turns).

poirepourri the Imperceptible (Spriggan Enchanter)  Turns: 1093, Time: 00:04:09

Health: -3/44      AC:  3    Str:  4    XL:     10   Next: 73%
Magic:  22/27      EV: 26    Int: 18    God:    Dithmenos [*****.]
Gold:   120        SH:  0    Dex: 19    Spells: 7 memorised, 16 levels left

rFire  . . .     SeeInvis +     l - +1 rapier (drain)
rCold  . . .     Gourm    .     b - +1 robe
rNeg   . . .     Faith    .     (shield restricted)
rPois  .         Spirit   .     (helmet restricted)
rElec  .         Dismiss  .     (no cloak)
rCorr  .         Reflect  .     (gloves unavailable)
MR     +....     Harm     .     (boots unavailable)
Stlth  ++++++++++ NoTele   +    i - amulet of invisibility {+Inv}
                                o - ring of wizardry
                                n - ring of see invisible

@: wreathed by umbra, very quick
A: unfitting armour, see invisible, herbivore 3, speed 3, slow metabolism 2
a: Shadow Step, Shadow Form, Renounce Religion, Evoke Invisibility


You were in the Dungeon.
You worshipped Dithmenos.
Dithmenos was extremely pleased with you.
You were not hungry.

You visited 1 branch You collected 210 gold pieces.
You spent 90 gold pieces at shops.

Inventory:

Hand Weapons
 a - a +1 dagger
 l - a +1 rapier of draining (weapon)
Armour
 b - a +1 robe (worn)
 m - a +0 buckler
Jewellery
 i - the amulet of invisibility (around neck) {+Inv}
   (You found it in the Dungeon)

   [amulet of nothing]

   It lets you turn invisible.
 n - a ring of see invisible (left hand)
 o - a ring of wizardry (right hand)
 r - an uncursed amulet of regeneration {unknown}
Scrolls
 j - a scroll of blinking
Potions
 e - a potion of curing
 f - 2 potions of heal wounds
 g - a potion of haste
 h - a potion of magic
 k - a potion of might {unknown}
 t - a potion of agility {unknown}
Books
 c - a book of Maledictions

   Spells                             Type                      Level
   a - Corona                         Hexes                        1
   b - Ensorcelled Hibernation        Hexes/Ice                    2
   c - Confuse                        Hexes                        3
   d - Tukima's Dance                 Hexes                        3
   e - Dazzling Spray                 Conjuration/Hexes            3
 s - a book of Debilitation

   Spells                             Type                      Level
   a - Corona                         Hexes                        1
   b - Slow                           Hexes                        2
   c - Gell's Gravitas                Hexes/Translocation          3
   d - Inner Flame                    Hexes/Fire                   3
   e - Cause Fear                     Hexes                        4
   f - Leda's Liquefaction            Hexes/Earth                  4
Miscellaneous
 q - a box of beasts
Comestibles
 d - a bread ration
 p - 3 royal jellies


   Skills:
 + Level 8.4 Short Blades
 + Level 9.1 Dodging
 + Level 24.4 Stealth
 + Level 12.7 Spellcasting
 + Level 1.0 Conjurations
 + Level 13.8 Hexes
 + Level 2.0 Invocations
 - Level 3.6 Evocations


You had 16 spell levels left.
You knew the following spells:

 Your Spells              Type           Power        Failure   Level  Hunger
a - Corona                Hex            ######.      1%          1    None
b - Ensorcelled Hibernat  Hex/Ice        #####.       1%          2    None
c - Confuse               Hex            ######..     1%          3    None
d - Tukima's Dance        Hex            ######..     1%          3    None
e - Dazzling Spray        Conj/Hex       #####.       1%          3    None
f - Slow                  Hex            ######..     1%          2    None
g - Cause Fear            Hex            ######....   1%          4    ##.....


Dungeon Overview and Level Annotations

Branches:
Dungeon (1/1)

Altars:
Cheibriados
Dithmenos
Elyvilon
Gozag
Hepliaklqana
Kikubaaqudgha
Makhleb
Nemelex Xobeh
Okawaru
Qazlal
Ru
Sif Muna
Trog
Uskayaw
Vehumet
Xom
Yredelemnul
Zin
The Shining One
Beogh
Jiyva
Lugonu

Shops:
D %}=[**


Innate Abilities, Weirdness & Mutations

You are tiny and cannot use many weapons and most armour.
You have supernaturally acute eyesight. (SInv)
You are a herbivore.
You cover ground extremely quickly.
You need consume almost no food.


Message History

Confirm with . or Enter, or press ? or * to list all spells.
Aiming: Ensorcelled Hibernation
Press: ? - help, Shift-Dir - straight line, f - spriggan rider
Aim: a spriggan rider (umbra, chance to defeat MR: 6%)
The spriggan rider resists with almost no effort.
Your shadow mimicks your spell!
The spriggan rider resists with almost no effort.
The spriggan rider wields the +8 storm bow {elec}.
You hear the crackle of electricity.
The spriggan rider shoots an arrow.
The arrow closely misses you.
Casting: Ensorcelled Hibernation
Confirm with . or Enter, or press ? or * to list all spells.
Aiming: Confuse
Press: ? - help, Shift-Dir - straight line, f/p - spriggan rider
Aim: a spriggan rider, wielding the +8 storm bow {elec} (umbra, chance to defeat MR: 13%)
The spriggan rider resists with almost no effort.
The spriggan rider shoots an arrow.
The arrow hits you.
* * * LOW HITPOINT WARNING * * *
You are electrocuted!
You die...

.'...#.⌠._._._._.⌠.#############
.#...##################
######♣♣♣♣♣..♣)###.'..+
##..'......♣..♣##..#..#
....#♣..♣♣♣.♣).###.##'#
....#.♣♣..♣...♣'...#♣.♣###
###### #############.....#### .
###..♣..♣....###
..P.#####@).♣......♣...♣##
.iP.i........♣.)...∩.∩..)}
..P...#################### #####


You could see a spriggan rider.

Vanquished Creatures
  Agnes (D)
  A spriggan defender (D)
  A spriggan berserker (D)
  A spriggan druid (D)
  3 oklob plants (D)
  3 burning bushes (D)
  A queen bee (D)
  3 wandering mushrooms (D)
  2 scorpions (D)
  4 killer bees (D)
  5 oklob saplings (D)
  A worker ant (D)
  2 spriggans (D)
  A river rat (D)
  A rat (D)
  2 ballistomycetes (D)
  A giant spore (D)
33 creatures vanquished.

Vanquished Creatures (others)
  A bush (D)
1 creature vanquished.

Grand Total: 34 creatures vanquished

Notes
Turn   | Place    | Note
-------+----------+-------------------------------------------
     0 | D        | poirepourri the Spriggan Enchanter began the quest for the Orb.
     0 | D        | Reached XP level 1. HP: 9/9 MP: 5/5
     8 | D        | Reached skill level 6 in Stealth
     8 | D        | Reached XP level 2. HP: 11/13 MP: 4/6
    10 | D        | Reached skill level 7 in Stealth
   126 | D        | Learned a level 2 spell: Ensorcelled Hibernation
   127 | D        | Noticed an oklob sapling
   129 | D        | Killed an oklob sapling
   129 | D        | Reached skill level 5 in Dodging
   129 | D        | Reached skill level 9 in Stealth
   129 | D        | Reached XP level 3. HP: 16/16 MP: 8/8
   134 | D        | Reached skill level 10 in Stealth
   150 | D        | Noticed an oklob sapling
   153 | D        | Killed an oklob sapling
   153 | D        | Reached skill level 11 in Stealth
   153 | D        | Reached XP level 4. HP: 21/21 MP: 9/9
   164 | D        | Learned a level 3 spell: Confuse
   170 | D        | Found an opulent altar of Gozag.
   170 | D        | Found a hazy altar of Hepliaklqana.
   170 | D        | Found a burning altar of Makhleb.
   170 | D        | Found a roughly hewn altar of Beogh.
   170 | D        | Found a sparkling altar of Nemelex Xobeh.
   170 | D        | Found a snail-covered altar of Cheibriados.
   170 | D        | Found a sacrificial altar of Ru.
   170 | D        | Found a deep blue altar of Sif Muna.
   170 | D        | Found a shimmering altar of Xom.
   170 | D        | Found a basalt altar of Yredelemnul.
   171 | D        | Found a viscous altar of Jiyva.
   171 | D        | Found a bloodstained altar of Trog.
   172 | D        | Found an iron altar of Okawaru.
   172 | D        | Found a shadowy altar of Dithmenos.
   172 | D        | Found a glowing silver altar of Zin.
   173 | D        | Found an ancient bone altar of Kikubaaqudgha.
   173 | D        | Found a hide-covered altar of Uskayaw.
   174 | D        | Found a stormy altar of Qazlal.
   174 | D        | Found a white marble altar of Elyvilon.
   174 | D        | Found a glowing golden altar of the Shining One.
   175 | D        | Found a corrupted altar of Lugonu.
   175 | D        | Found a radiant altar of Vehumet.
   178 | D        | Reached skill level 13 in Stealth
   178 | D        | Reached XP level 5. HP: 24/24 MP: 10/10
   183 | D        | Became a worshipper of Dithmenos the Shadowed
   188 | D        | Learned a level 3 spell: Tukima's Dance
   224 | D        | Reached skill level 14 in Stealth
   224 | D        | Reached skill level 5 in Hexes
   225 | D        | Reached * piety under Dithmenos
   225 | D        | Reached skill level 1 in Evocations
   243 | D        | Found Meerph's Gadget Shop.
   243 | D        | Found Anokhoas's Food Emporium.
   250 | D        | Noticed a burning bush
   250 | D        | Noticed a wandering mushroom
   251 | D        | Noticed a wandering mushroom
   253 | D        | Killed a wandering mushroom
   253 | D        | Reached skill level 16 in Stealth
   253 | D        | Reached skill level 5 in Spellcasting
   253 | D        | Reached XP level 6. HP: 28/28 MP: 12/15
   255 | D        | Reached ** piety under Dithmenos
   255 | D        | Reached XP level 7. HP: 32/32 MP: 12/16
   257 | D        | Killed a burning bush
   257 | D        | Reached skill level 17 in Stealth
   259 | D        | Killed a wandering mushroom
   259 | D        | Reached skill level 18 in Stealth
   347 | D        | Learned a level 3 spell: Dazzling Spray
   351 | D        | Found Vomm's Assorted Antiques.
   351 | D        | Found Baimo's Assorted Antiques.
   363 | D        | Bought a runed tourmaline ring for 90 gold pieces
   402 | D        | Noticed a queen bee
   408 | D        | Killed a queen bee
   408 | D        | Reached *** piety under Dithmenos
   408 | D        | Reached skill level 19 in Stealth
   408 | D        | Reached skill level 10 in Hexes
   408 | D        | Reached XP level 8. HP: 36/36 MP: 19/19
   413 | D        | Reached **** piety under Dithmenos
   413 | D        | Reached skill level 5 in Short Blades
   517 | D        | Noticed an oklob plant
   526 | D        | Killed an oklob plant
   526 | D        | Reached skill level 20 in Stealth
   540 | D        | Noticed a burning bush
   558 | D        | Killed a burning bush
   558 | D        | Reached XP level 9. HP: 30/39 MP: 12/21
   699 | D        | Noticed a burning bush
   699 | D        | Noticed an oklob plant
   700 | D        | Noticed a wandering mushroom
   701 | D        | Killed a burning bush
   701 | D        | Reached ***** piety under Dithmenos
   701 | D        | Reached skill level 21 in Stealth
   703 | D        | Killed an oklob plant
   706 | D        | Killed a wandering mushroom
   728 | D        | Noticed a spriggan druid
   729 | D        | Killed a spriggan druid
   729 | D        | Reached skill level 22 in Stealth
   729 | D        | Reached skill level 10 in Spellcasting
   755 | D        | Noticed an oklob plant conjurer
   756 | D        | Killed an oklob plant conjurer
   756 | D        | Reached skill level 1 in Invocations
   766 | D        | Learned a level 2 spell: Slow
   771 | D        | Learned a level 4 spell: Cause Fear
   784 | D        | Noticed Agnes
  1026 | D        | Found Xiarau's Jewellery Emporium.
  1026 | D        | Found Opocuemae's Antique Armour Shoppe.
  1027 | D        | Killed Agnes
  1027 | D        | Reached skill level 23 in Stealth
  1027 | D        | Reached XP level 10. HP: 44/44 MP: 20/26
  1030 | D        | Noticed a spriggan berserker
  1032 | D        | Killed a spriggan berserker
  1038 | D        | Noticed a spriggan defender
  1043 | D        | Killed a spriggan defender
  1043 | D        | Reached skill level 24 in Stealth
  1043 | D        | Reached skill level 1 in Conjurations
  1058 | D        | Noticed a spriggan rider
  1093 | D        | Shot with an arrow by a spriggan rider

Vault maps used:
D:        dungeon_sprint_fedhas

Skill      XL: |  1  2  3  4  5  6  7  8  9 10 |
---------------+-------------------------------+-----
Dodging        | 4 5 6 7 8 9 |  9.1
Stealth        | 6 9 11 13 16 19 20 23 24 | 24.4
Short Blades   | 2 3 4 6 8 |  8.4
Spellcasting   | 5 7 11 12 | 12.7
Hexes          | 8 10 11 13 | 13.8
Evocations     | 2 3 |  3.6
Invocations    | 1 2 |  2.0
Conjurations   | 1 |  1.0

Action                   |  1- 3 |  4- 6 |  7- 9 | 10-12 || total
-------------------------+-------+-------+-------+-------++-------
Melee: Dagger            |     5 |     5 |       |       ||    10
       Rapier            |       |     2 |    41 |     2 ||    45
 Cast: Corona            |     1 |       |       |       ||     1
       Confuse           |       |       |     8 |     1 ||     9
       Dazzling Spray    |       |       |     1 |       ||     1
       Ensorcelled Hiber |       |       |       |     1 ||     1
Invok: Shadow Step       |       |       |     2 |     1 ||     3
 Abil: Evoke Invisibilit |       |     1 |       |       ||     1
  Use: Potion            |     1 |       |     1 |       ||     2
       Scroll            |       |       |     1 |       ||     1
 Stab: Sleeping          |     3 |     6 |    14 |     2 ||    25
       Invisible         |       |     1 |       |       ||     1
       Confused          |       |       |     4 |       ||     4
Dodge: Dodged            |     1 |       |       |     1 ||     2
